 Dungeon Crawl Stone Soup version 0.29.1-13-g9f3cf754e1 (webtiles) character file.

Game seed: 9387077660605591711

3131 hbarley the Cleaver (level 9, -2/78 HPs)
             Began as a Hill Orc Fighter on Jan 31, 2023.
             Succumbed to a gnoll sergeant's poison
             ... on level 6 of the Dungeon.
             The game lasted 00:20:34 (4145 turns).

hbarley the Cleaver (Hill Orc Fighter)              Turns: 4145, Time: 00:20:34

Health: -2/78      AC: 10    Str: 21    XL:     9   Next: 92%
Magic:  9/9        EV: 12    Int:  8    God:
Gold:   232        SH:  5    Dex: 12    Spells: 8/8 levels left

rFire   . . .      SeeInvis .   a - +0 war axe
rCold   . . .      Faith    .   c - +0 buckler
rNeg    . . .      Spirit   .   L - +0 acid dragon scales
rPois   .          Reflect  .   q - +0 helmet
rElec   .          Harm     .   (no cloak)
rCorr   +          Rampage  .   I - +0 pair of gloves
Will    .....                   (no boots)
Stlth   +.........              f - amulet of regeneration
HPRegen 1.03/turn               (no ring)
MPRegen 0.11/turn               (no ring)

@: lethally poisoned (-2 -> -14)
A: no striking features
a: no special abilities


You were on level 6 of the Dungeon.
You visited 1 branch of the dungeon, and saw 6 of its levels.
You also visited: Ossuary.

You collected 320 gold pieces.
You spent 88 gold pieces at shops.

Inventory:

Hand Weapons
 a - a +0 war axe (weapon)
 t - the +9 dagger "Killer Bee's Regret" {flame, rPois rF+ rN++ MP-9}
   (You found it on level 3 of the Dungeon)

   It burns those it strikes, dealing additional fire damage.
   rF:        It protects you from fire.
   rPois:     It protects you from poison.
   rN:        It greatly protects you from negative energy.
   MP:        It affects your magic capacity (-9).
Armour
 b - a +0 scale mail
 c - a +0 buckler (worn)
 q - a +0 helmet (worn)
 I - a +0 pair of gloves (worn)
 L - +0 acid dragon scales (worn)
Jewellery
 f - an amulet of regeneration (around neck)
 w - a ring of ice
 y - a ring of flight
 D - a ring of magical power
 J - an amulet of reflection
Wands
 o - a wand of polymorph (2)
 s - a wand of digging (1)
 u - a wand of light (6)
Scrolls
 g - 3 scrolls of noise {unknown}
 j - 2 scrolls of immolation {unknown}
 k - a scroll of enchant weapon {unknown}
 l - a scroll of magic mapping {unknown}
 n - 4 scrolls of identify {unknown}
 z - a scroll of enchant armour {unknown}
 E - 2 scrolls of torment {unknown}
 G - 2 scrolls of fog {unknown}
 H - 2 scrolls of blinking {unknown}
 K - a scroll of vulnerability {unknown}
 M - a scroll of teleportation {unknown}
Potions
 d - a potion of might
 e - a potion of resistance {unknown}
 h - 2 potions of heal wounds
 i - 6 potions of curing
 m - 2 potions of flight {unknown}
 p - 3 potions of magic {unknown}
 r - 2 potions of attraction {unknown}
 v - a potion of mutation {unknown}
 x - 2 potions of lignification {unknown}
 A - 2 potions of brilliance {unknown}
 B - a potion of invisibility {unknown}
 C - a potion of haste {unknown}
 F - 2 potions of ambrosia {unknown}
 N - 2 potions of degeneration {unknown}


   Skills:
 + Level 6.7 Fighting
 - Level 2.0 Short Blades
 * Level 11.4 Axes
 + Level 7.8 Armour
 + Level 3.0 Dodging
 + Level 0.9 Stealth
 + Level 6.2 Shields


You had 8 spell levels left.
You didn't know any spells.
Your spell library contained the following spells:

 Spells                   Type           Power      Damage    Failure   Level
 Apportation              Tloc           0%         N/A       56%         1
 Necrotise                Necr           0%         1d4       56%         1
 Summon Small Mammal      Summ           0%         N/A       56%         1
 Freezing Cloud           Conj/Ice/Air   0%         6-21      100%        5
 Simulacrum               Ice/Necr       0%         N/A       100%        6
 Polar Vortex             Ice            0%         N/A       100%        9


Dungeon Overview and Level Annotations

Branches:
Dungeon (6/15)             Temple (0/1) D:6         Ossuary (visited)

Altars:
Fedhas
Kikubaaqudgha

Shops:
D:2 (*!


Message History

The gnoll sergeant misses you.
You feel very sick.
The gnoll sergeant hits you but does no damage.
Things that are here:
a +0 spear of freezing; a gnoll corpse You feel very sick.
The gnoll sergeant hits you from afar with a +2 spear of venom.
You are more poisoned.
You feel very sick.
The gnoll sergeant hits you but does no damage.
You are more poisoned.
Things that are here:
a +0 flail; 12 stones You slash the gnoll sergeant!
The gnoll sergeant is moderately wounded.
You feel very sick.
The gnoll sergeant hits you but does no damage.
You are more poisoned.
You hit the gnoll sergeant.
The gnoll sergeant is moderately wounded.
You feel extremely sick. You block the gnoll sergeant's attack.
You slash the gnoll sergeant!
The gnoll sergeant is almost dead.
You feel very sick.
The gnoll sergeant hits you but does no damage.
You are more poisoned.
* * * LOW HITPOINT WARNING * * *
You feel extremely sick.
The gnoll sergeant hits you from afar with a +2 spear of venom.
* * * LOW HITPOINT WARNING * * *
You are more poisoned.
Things that are here:
a +0 spear of freezing; a gnoll corpse
* * * LOW HITPOINT WARNING * * *
You feel extremely sick.
* * * LOW HITPOINT WARNING * * *
You feel very sick.
There is a stone staircase leading up here.
You die...

#. #...# ## ###.#
###.#######
#..........
##.#.#######
##....#
########.....####
...g.gg)........#
########g.@...#.#
########)..#...#
.............###
#
#########.#.#..+
#.##### #......#
#.....# ###.####
#####.#########.#
#...........#
#############


You could see a gnoll sergeant and 3 gnolls.

Vanquished Creatures
  Pikel (D:4)
  Grinder (D:3)
  An acid dragon (D:5)
  An ice beast (D:5)
  An ogre (D:5)
  2 centaurs
  A lemure (D:4)
  12 scorpions
  A necrophage (D:4)
  2 howler monkeys
  4 human zombies (Ossuary)
  A gnoll bouda (D:6)
  A jelly (D:4)
  2 orc priests
  3 centaur zombies (Ossuary)
  6 hounds
  Ijyb (D:3)
  Natasha (thrice) (D:3)
  7 orc wizards
  5 scorpion zombies (Ossuary)
  4 mummies
  Robin (D:3)
  6 gnolls (D:6)
  5 adders
  A shadow imp (D:5)
  A white imp (D:6)
  A worm (D:3)
  5 dart slugs
  9 orcs
  5 bats
  8 endoplasms
  3 giant cockroaches
  9 goblins
  9 hobgoblins
  2 quokkas
  13 ball pythons
  2 frilled lizards
  A gnoll zombie (Ossuary)
  3 goblin zombies
  3 hobgoblin zombies
  7 kobolds
  3 kobold zombies (Ossuary)
  3 orc zombies (Ossuary)
  7 rats
167 creatures vanquished.

Vanquished Creatures (others)
  A goblin (D:3)
1 creature vanquished.

Grand Total: 168 creatures vanquished

Notes
Turn   | Place    | Note
-------+----------+-------------------------------------------
     0 | D:1      | hbarley the Hill Orc Fighter began the quest for the Orb.
     0 | D:1      | Reached XP level 1. HP: 19/19 MP: 1/1
   107 | D:1      | Found a faded altar of an unknown god.
   211 | D:1      | Reached skill level 3 in Axes
   211 | D:1      | Reached XP level 2. HP: 27/27 MP: 2/2
   343 | D:1      | You fall into a shaft and drop 1 floor!
   412 | D:2      | Found Eqaxu's Distillery.
   419 | D:2      | Bought a potion of curing for 33 gold pieces
   488 | D:2      | Reached XP level 3. HP: 33/33 MP: 3/3
   571 | D:2      | Found Vickem's Weapon Shop.
   605 | D:2      | Found Welana's Assorted Antiques.
   667 | D:2      | Reached skill level 4 in Axes
   761 | D:2      | Bought a potion of heal wounds for 55 gold pieces
   794 | D:2      | Reached XP level 4. HP: 40/40 MP: 4/4
  1089 | D:3      | Noticed Robin
  1102 | D:3      | Killed Robin
  1158 | D:3      | Noticed Grinder
  1344 | D:3      | Paralysed by Grinder for 4 turns
  1353 | D:3      | Killed Grinder
  1354 | D:3      | Reached skill level 6 in Axes
  1354 | D:3      | Reached XP level 5. HP: 36/47 MP: 5/5
  1354 | D:3      | Reached XP level 6. HP: 41/53 MP: 6/6
  1497 | D:3      | Noticed Natasha
  1508 | D:3      | Killed Natasha
  1601 | D:3      | Noticed Ijyb
  1614 | D:3      | Killed Ijyb
  1627 | D:3      | Noticed Natasha
  1628 | D:3      | Identified the +9 dagger "Killer Bee's Regret" {flame,
                  | rPois rF+ rN++ MP-9}
  1645 | D:3      | Killed Natasha
  1646 | D:3      | Noticed Natasha
  1656 | D:3      | Killed Natasha
  1813 | D:4      | Found a blossoming altar of Fedhas.
  1837 | D:4      | Reached skill level 5 in Armour
  1850 | D:4      | Reached skill level 7 in Axes
  1850 | D:4      | Reached XP level 7. HP: 46/60 MP: 0/7
  1942 | D:4      | Found a sand-covered staircase.
  1948 | Ossuary  | Entered an ossuary
  1984 | Ossuary  | Reached skill level 1 in Short Blades
  2023 | Ossuary  | Reached skill level 1 in Dodging
  2096 | Ossuary  | Reached skill level 5 in Fighting
  2096 | Ossuary  | Reached XP level 8. HP: 60/68 MP: 0/8
  2184 | Ossuary  | Reached skill level 8 in Axes
  2192 | Ossuary  | Reached skill level 5 in Shields
  2576 | D:4      | Reached XP level 9. HP: 75/75 MP: 0/9
  3046 | D:5      | Entered Level 5 of the Dungeon
  3060 | D:5      | Reached skill level 9 in Axes
  3192 | D:5      | Found an ancient bone altar of Kikubaaqudgha.
  3239 | D:5      | Noticed Pikel
  3257 | D:4      | Reached skill level 10 in Axes
  3285 | D:4      | Killed Pikel
  3348 | D:5      | Reached skill level 11 in Axes
  4017 | D:6      | Found a staircase to the Ecumenical Temple.
  4144 | D:6      | HP: 2/78 [poisoned by a gnoll sergeant]
  4145 | D:6      | Succumbed to a gnoll sergeant's poison

Illustrated notes

Levels and vault maps discovered:
D:1:      mrwooster_arrival_statue_3, layout_basic,
          dreamdust_ecumenical_altar_grove
D:2:      layout_loops_cross, serial_shops, shop, shop,
          nicolae_shop_behind_doors, minmay_fractal_squares_5
D:3:      layout_basic, uniq_robin, uniq_grinder, uniq_ijyb, uniq_natasha
D:4:      layout_rooms, fedhas_altar_2, nicolae_ossuary_entry_giza,
          minmay_a_box_with_orc_wizards_in_it
D:5:      layout_cave_pools, kiku_gazebo_garden_becter, uniq_pikel
D:6:      layout_loops_ring, minmay_temple_entry_from_below_a,
          roderic_serpentine_path

Skill      XL: |  1  2  3  4  5  6  7  8  9 |
---------------+----------------------------+-----
Axes           | 3 4 6 7 8 11 | 11.4
Fighting       | 4 5 6 |  6.7
Armour         | 4 5 7 |  7.8
Shields        | 4 5 6 |  6.2
Short Blades   | 2 |  2.0
Dodging        | 1 2 3 |  3.0
Stealth        | |  0.9

Action                   |  1- 3 |  4- 6 |  7- 9 || total
-------------------------+-------+-------+-------++-------
Melee: War axe           |    83 |   106 |   176 ||   365
       Dagger            |       |    14 |   221 ||   235
  Use: Potion            |       |     1 |     3 ||     4
Armor: Scale mail        |    49 |    47 |   179 ||   275
       Acid dragon scale |       |       |    60 ||    60
Dodge: Dodged            |    51 |    39 |   224 ||   314
Block: Buckler           |    22 |    21 |   121 ||   164
